 Dungeon Crawl Stone Soup version 0.18-a0-1562-gac8da35 (webtiles) character file.

22892 angel3174 the Blocker (level 13, -6/56 HPs)
             Began as a Gargoyle Berserker on Mar 13, 2016.
             Was a Priest of Trog.
             Mangled by a bone dragon (10 damage)
             ... on level 1 of the Abyss.
             The game lasted 01:52:33 (12780 turns).

angel3174 the Blocker (Gargoyle Berserker)         Turns: 12780, Time: 01:52:45

Health: -6/56      AC: 29    Str: 16 (20) XL:     13   Next: 3%
Magic:  3/3        EV:  6    Int:  2 (5)  God:    Trog [***...]
Gold:   802        SH: 17    Dex:  6 (9)  Spells: 0 memorised, 12 levels left

rFire  . . .     SeeInvis .     C - +7 war axe (antimagic)
rCold  + . .     Gourm    +     F - +0 chain mail {rC+}
rNeg   + . .     Faith    .     h - +0 large shield
rPois  ∞         Spirit   .     E - +0 helmet
rElec  +         Dismiss  .     c - +2 cloak of the World {Dex+4}
rCorr  .         Reflect  .     B - +0 pair of gloves
SustAt .         Harm     .     d - +1 pair of boots
MR     ++...     Rnd*Rage +     L - amulet of the gourmand
Stlth  ..........               (no ring)
                                (no ring)

@: exhausted, very slightly contaminated, non-regenerating, slowed, very slow,
very resistant to hostile enchantments, extremely unstealthy
A: talons 2, icy blue scales 1, rough black scales 1, berserk 3, blurry vision
3, clumsy 2, deformed body, deterioration 2, dopey 2, frail 3, low mp 3,
negative energy resistance 1, screaming 3, electricity resistance, slow
regeneration 3, weak 2, unbreathing, petrification resistance, rot immunity,
subdued magic 3, MP-powered wands, AC +9
a: Berserk, Trog's Hand, Burn Spellbooks, Renounce Religion


You were on level 1 of the Abyss.
You worshipped Trog.
Trog was most pleased with you.
You were not hungry.

You visited 2 branches of the dungeon, and saw 13 of its levels.
You visited the Abyss 1 time.
You also visited: Ice Cave.

You collected 1129 gold pieces.
You spent 327 gold pieces at shops.

Inventory:

Hand Weapons
 n - a +6 battleaxe of chopping
 p - a +0 hand crossbow
 A - a +1 morningstar of venom
 C - a +7 antimagic war axe (weapon)
Missiles
 i - 3 throwing nets
 x - 9 tomahawks of returning (quivered)
Armour
 c - the +2 cloak of the World (worn) {Dex+4}
   (You found it in an ice cave)

   It affects your dexterity (+4).
 d - a +1 pair of boots (worn)
 h - a +0 large shield (worn)
 B - a +0 pair of gloves (worn)
 E - a +0 helmet (worn)
 F - a +0 chain mail of cold resistance (worn)
Jewellery
 K - an uncursed ring of ice
 L - an amulet of the gourmand (around neck)
Wands
 w - a wand of disintegration (14/24)
 y - a wand of flame (14/48)
 H - a wand of polymorph (3/24)
 I - a wand of paralysis (15/24)
 N - a wand of teleportation (0/9)
Scrolls
 j - 5 scrolls of remove curse
 v - 6 scrolls of immolation
 z - a scroll of amnesia
Potions
 k - a potion of heal wounds
 o - a potion of brilliance
 t - a potion of resistance
 u - a potion of curing
 G - a potion of berserk rage
Miscellaneous
 a - a lantern of shadows
 J - a lantern of shadows
 O - a box of beasts {used: 4}
Comestibles
 b - 7 fruits
 f - 4 meat rations
 g - 4 beef jerkies
 l - 4 slices of pizza
 D - 6 bread rations


   Skills:
 * Level 9.7 Fighting
 * Level 8.3(9.0) Axes
 - Level 5.5(8.0) Maces & Flails
 + Level 2.0 Throwing
 * Level 8.5 Armour
 * Level 7.7 Dodging
 - Level 1.0 Stealth
 * Level 11.9 Shields
 * Level 4.5 Evocations


You had 12 spell levels left.
You didn't know any spells.

Dungeon Overview and Level Annotations

Branches:
Dungeon (12/15)            Temple (0/1) D:7            Lair (1/8) D:11
    Orc (0/2) D:10

Altars:
Ashenzari
Cheibriados
Elyvilon
Ru
Xom

Shops:
D:4 %   D:8 [

Annotations:
Lair:1 Sonja


Innate Abilities, Weirdness & Mutations

You are resistant to torment.
Your stone body is resilient (AC +9).
You are immune to poison.
You resist negative energy.
You are resistant to electric shocks.
You can survive without breathing.
You are immune to petrification.
You are immune to rotting.
You have razor-sharp toenails.
You are partially covered in icy blue scales (AC +1).
You are partially covered in rough black scales (AC +4, Dex -1).
You are very dopey. (Int -4)
Your magical capacity is extremely low (-30% MP).
[You have an uncontrollable temper.]
[Scrolls take you much longer to read.]
[You are very clumsy. (Dex -4)]
[Armour fits poorly on your strangely shaped body.]
[Your body often deteriorates upon taking damage.]
[You are extremely frail (-30% HP).]
[You frequently scream uncontrollably at your foes.]
[You do not regenerate naturally.]
[You are very weak. (Str -4)]
[Your spells are much easier to cast, but much less powerful.]
[You expend magic power (3 MP) to strengthen your wands.]


Message History

You block the bone dragon's attack.
The bone dragon claws you but does no damage.
You block the bone dragon's attack.
A neqoxec comes into view.
You scream at the neqoxec!
The neqoxec shouts!
You slice the bone dragon!!
The bone dragon is heavily damaged.
You feel the effects of Trog's Hand fading.
You hear a bellow!
You block the bone dragon's attack.
The bone dragon claws you but does no damage.
You block the bone dragon's attack.
You slash the bone dragon!
The bone dragon is heavily damaged.
You are no longer berserk.
You are exhausted.
You feel yourself slow down. The bone dragon barely misses you.
You block the bone dragon's attack. The bone dragon tramples you!
You die...

≈≈.§§≈≈.#≈#...#
≈≈≈≈≈≈≈≈#≈#...#
§§≈≈≈§.≈≈≈#...#
≈≈§≈.§≈§≈≈#...#
§§#≈§≈≈.≈≈#...#
§§§≈≈≈≈≈≈≈#...#
≈≈§§≈≈D§≈≈#...#
≈≈§§≈≈≈@≈≈#5..#
≈≈§≈≈≈≈≈§≈#...#
§§≈§§≈.≈≈≈#...#
≈≈§≈≈≈§§≈§#...#
§§≈≈.§§§≈§#...#
≈≈§§§§≈§§3#...#
§§§§§§≈≈≈≈#_..#
≈≈≈§§≈≈§≈#...#


You could see a bone dragon, a neqoxec and an iron imp.

Vanquished Creatures
  A white draconian (IceCv)
  A great orb of eyes (Abyss:1)
  Harold (Lair:1)
  Erolcha (D:9)
  Erica (D:8)
  A death yak (IceCv)
  A thrashing horror (Abyss:1)
  A soul eater (Abyss:1)
  A manticore (D:11)
  2 worldbinders (Abyss:1)
  2 ugly things (D:11)
  A spiny frog (Lair:1)
  An ancient zyme (Abyss:1)
  16 polar bears (IceCv)
  A troll (D:10)
  A spriggan (D:7)
  A wraith (D:11)
  12 yaks (IceCv)
  3 hippogriffs (D:9)
  A chaos spawn (Abyss:1)
  A neqoxec (Abyss:1)
  A water moccasin (Lair:1)
  A porcupine (Lair:1)
  12 ice beasts
  2 orc warriors
  A phantom (D:10)
  3 ogres
  4 sky beasts
  The ghost of Hilldric the Covered, an amateur HOGl (D:3)
  16 wolves (IceCv)
  4 centaurs
  A necrophage (D:10)
  2 crocodiles (Lair:1)
  4 big kobolds (D:3)
  9 giant frogs
  2 wyvern skeletons
  6 scorpions
  A water moccasin skeleton (D:9)
  9 killer bees
  A howler monkey (D:4)
  5 crimson imps
  A centaur zombie (D:8)
  A wasp zombie (D:5)
  4 giant frog zombies
  A quasit (D:9)
  3 orc priests
  6 orc wizards
  2 hounds
  2 giant frog skeletons
  2 jellies
  2 centaur skeletons (D:4)
  An iguana (D:11)
  7 worker ants
  2 hound zombies
  A hound skeleton (D:4)
  A worker ant zombie (D:6)
  6 gnolls (D:3)
  14 adders
  3 shadow imps
  2 oozes
  2 adder skeletons
  3 adder zombies
  3 worms
  6 giant geckos
  17 orcs
  A ball python (D:4)
  5 bats
  4 giant cockroaches
  39 goblins
  26 hobgoblins
  9 jackals
  9 kobolds
  6 quokkas
  2 giant newts
  2 quokka zombies
  A rat (D:1)
332 creatures vanquished.

Vanquished Creatures (collateral kills)
  A starcursed mass (Abyss:1)
  Fannar (Lair:1)
  2 large abominations (Abyss:1)
  A manticore (D:11)
  An ice statue (IceCv)
  An orange demon (Abyss:1)
  An ancient zyme (Abyss:1)
  2 yaks (IceCv)
  3 wolves (IceCv)
  A crimson imp (D:11)
14 creatures vanquished.

Vanquished Creatures (others)
  A wolf (IceCv)
  An ufetubus (Abyss:1)
  8 starspawn tentacles (Abyss:1)
  197 starspawn tentacle segments (Abyss:1)
207 creatures vanquished.

Grand Total: 553 creatures vanquished

Notes
Turn   | Place    | Note
--------------------------------------------------------------
     0 | D:1      | angel3174 the Gargoyle Berserker began the quest for the Orb.
     0 | D:1      | Reached XP level 1. HP: 14/14 MP: 1/1
    86 | D:1      | Reached XP level 2. HP: 13/19 MP: 2/2
   684 | D:1      | Reached XP level 3. HP: 24/24 MP: 3/3
  1112 | D:2      | Found a white marble altar of Elyvilon.
  1242 | D:2      | Reached ** piety under Trog
  1512 | D:2      | Reached XP level 4. HP: 22/30 MP: 4/4
  1740 | D:3      | Found a shimmering altar of Xom.
  2158 | D:3      | Reached XP level 5. HP: 29/34 MP: 5/5
  2225 | D:3      | Reached skill level 1 in Stealth
  2329 | D:3      | Reached *** piety under Trog
  2707 | D:3      | Reached **** piety under Trog
  2802 | D:3      | Reached XP level 6. HP: 40/40 MP: 6/6
  2899 | D:3      | Reached skill level 5 in Fighting
  2899 | D:3      | Reached skill level 1 in Throwing
  2899 | D:3      | Reached skill level 1 in Shields
  2917 | D:3      | Reached XP level 7. HP: 38/44 MP: 7/7
  3127 | D:3      | Noticed Hilldric's ghost (amateur HOGl)
  3156 | D:3      | Killed Hilldric's ghost
  3156 | D:3      | Reached skill level 2 in Shields
  3511 | D:4      | Reached skill level 3 in Shields
  3524 | D:4      | Found Myrie's Food Shop.
  3532 | D:4      | Bought a meat ration for 70 gold pieces
  3532 | D:4      | Bought a meat ration for 70 gold pieces
  3532 | D:4      | Bought a meat ration for 70 gold pieces
  3796 | D:4      | Reached XP level 8. HP: 39/50 MP: 8/8
  3916 | D:5      | Entered Level 5 of the Dungeon
  4354 | D:5      | Reached skill level 5 in Dodging
  4624 | D:5      | Reached skill level 4 in Shields
  4711 | D:5      | Reached ***** piety under Trog
  4716 | D:5      | Reached skill level 5 in Maces & Flails
  5679 | D:6      | Reached skill level 5 in Shields
  5679 | D:6      | Reached XP level 9. HP: 55/55 MP: 9/9
  5690 | D:6      | Received a gift from Trog
  5770 | D:6      | Reached skill level 1 in Axes
  6229 | D:7      | Reached skill level 6 in Shields
  6336 | D:7      | Reached skill level 5 in Armour
  6641 | D:7      | Found a staircase to the Ecumenical Temple.
  6797 | D:8      | Found Kechyb's Antique Armour Boutique.
  6808 | D:8      | Bought a shiny chain mail for 117 gold pieces
  6870 | D:8      | Reached skill level 7 in Shields
  6938 | D:8      | Gained mutation: You are partially covered in rough black scales (AC +4, Dex -1). [mutagenic meat]
  6939 | D:8      | Gained mutation: Your flesh is heat resistant. [mutagenic meat]
  6940 | D:8      | Gained mutation: You are partially covered in icy blue scales (AC +1). [mutagenic meat]
  6964 | D:8      | Lost mutation: Your flesh is heat resistant. [mutagenic meat]
  7131 | D:8      | Reached XP level 10. HP: 63/63 MP: 3/10
  7136 | D:8      | Gained mutation: You have sharp toenails. [potion of mutation]
  7137 | D:8      | Gained mutation: Your spells are a little harder to cast, but a little more powerful. [potion of mutation]
  7137 | D:8      | Gained mutation: Your magical capacity is low (-10% MP). [potion of mutation]
  7137 | D:8      | Gained mutation: You have razor-sharp toenails. [potion of mutation]
  7138 | D:8      | Gained mutation: [Your body sometimes deteriorates upon taking damage.] [potion of mutation]
  7138 | D:8      | Gained mutation: Your magical capacity is very low (-20% MP). [potion of mutation]
  7138 | D:8      | Gained mutation: [You regenerate slowly when monsters are visible.] [potion of mutation]
  7151 | D:8      | Noticed Erica
  7168 | D:8      | Killed Erica
  7168 | D:8      | Reached skill level 8 in Shields
  7346 | D:8      | Found a sacrificial altar of Ru.
  7694 | D:9      | Noticed Erolcha
  7713 | D:9      | Killed Erolcha
  7730 | D:9      | Got a smoking shortbow
  7889 | D:9      | Found a shattered altar of Ashenzari.
  7962 | D:9      | Identified a scroll of acquirement
  8500 | D:9      | Reached skill level 9 in Shields
  8896 | D:10     | Entered Level 10 of the Dungeon
  8912 | D:10     | Found a staircase to the Orcish Mines.
  8963 | D:10     | Found a snail-covered altar of Cheibriados.
  9137 | D:10     | Reached skill level 1 in Evocations
  9279 | D:11     | Noticed a white ugly thing
  9295 | D:11     | Noticed a manticore
  9298 | D:11     | Killed a white ugly thing
  9298 | D:11     | Reached XP level 11. HP: 65/68 MP: 3/9
  9299 | D:11     | Killed a manticore
  9299 | D:11     | Reached skill level 5 in Axes
  9307 | D:11     | Noticed a manticore
  9309 | D:11     | Killed a manticore
  9447 | D:11     | Found a staircase to the Lair.
  9523 | D:11     | Noticed a purple ugly thing
  9537 | D:11     | Killed a purple ugly thing
  9728 | D:11     | Lost mutation: Your spells are a little harder to cast, but a little more powerful. [mutagenic meat]
  9729 | D:11     | Gained mutation: You are dopey. (Int -2) [mutagenic meat]
 10028 | Lair:1   | Entered Level 1 of the Lair of Beasts
 10205 | Lair:1   | Found a frozen archway.
 10219 | Lair:1   | Noticed Harold
 10236 | Lair:1   | Reached skill level 10 in Shields
 10250 | Lair:1   | Killed Harold
 10297 | IceCv    | Entered an ice cave
 10810 | IceCv    | Received a gift from Trog
 10893 | IceCv    | Reached XP level 12. HP: 73/75 MP: 9/11
 10951 | IceCv    | Reached skill level 11 in Shields
 11468 | IceCv    | Noticed a death yak
 11468 | IceCv    | Noticed a white draconian
 11488 | IceCv    | Killed a death yak
 11507 | IceCv    | Killed a white draconian
 11768 | IceCv    | Got a polished cloak
 11936 | Lair:1   | Noticed Fannar
 11943 | Lair:1   | Killed Fannar
 11954 | Lair:1   | Noticed Sonja
 11962 | Lair:1   | Cast into level 1 of the Abyss (Sonja)
 12157 | Abyss:1  | Identified the +2 cloak of the World {Dex+4} (You found it in an ice cave)
 12213 | Abyss:1  | Noticed a starcursed mass
 12221 | Abyss:1  | Killed a starcursed mass
 12269 | Abyss:1  | Noticed a soul eater
 12302 | Abyss:1  | Killed a soul eater
 12332 | Abyss:1  | Noticed a deep elf knight
 12351 | Abyss:1  | Noticed a thrashing horror
 12364 | Abyss:1  | Noticed a thrashing horror
 12391 | Abyss:1  | Killed a thrashing horror
 12400 | Abyss:1  | Noticed a great orb of eyes
 12411 | Abyss:1  | Noticed a rakshasa
 12419 | Abyss:1  | Gained mutation: You are very dopey. (Int -4) [a neqoxec]
 12420 | Abyss:1  | Noticed a lich
 12446 | Abyss:1  | Killed a great orb of eyes
 12446 | Abyss:1  | Reached XP level 13. HP: 48/81 MP: 4/13
 12524 | Abyss:1  | Gained mutation: [You do not regenerate naturally when monsters are visible.] [mutagenic glow]
 12551 | Abyss:1  | Gained mutation: [Scrolls take you a little longer to read.] [mutagenic glow]
 12572 | Abyss:1  | Noticed a starcursed mass
 12573 | Abyss:1  | Noticed a tentacled starspawn
 12574 | Abyss:1  | Gained mutation: Your magical capacity is extremely low (-30% MP). [mutagenic glow]
 12585 | Abyss:1  | Noticed a tentacled starspawn
 12621 | Abyss:1  | Noticed a bone dragon
 12640 | Abyss:1  | Found a corrupted altar of Lugonu.
 12756 | Abyss:1  | Noticed a bone dragon
 12776 | Abyss:1  | HP: 2/84 [bone dragon (4)]
 12780 | Abyss:1  | Mangled by a bone dragon

Vault maps used:
D:1:      lightli_arrival_boilingwater, columned_hall_lemuel,
          minmay_misc_feat_four_crosses, st_stairs_2
D:2:      elyvilon_altar_4, roderic_hopi_sauvastika
D:3:      minmay_goblin_kobold_castle, old_standard_altar, first_bread,
          serial_glass, glass_columns_a, glass_columns_a,
          minmay_strange_pillars, due_unseen_surprise
D:4:      kennysheep_six_static_rooms, serial_shops, shop
D:6:      serial_bayou_pond_c, hex_tiny
D:7:      temple_fountains, the_bakery
D:8:      serial_shops, nicolae_shop_trees, minmay_misc_feat_roman,
          nicolae_ru_awakened_eye, uniq_erica
D:9:      nicolae_ashenzari_panopticon, uniq_erolcha
D:10:     basic_altar
D:11:     lair_0_dummy, eino_jars
D:12:     special_room
Lair:1:   portal_ice_cave_entry_ice_beasts, st_stairs_13, uniq_sonja,
          uniq_fannar, uniq_harold
IceCv:    ice_cave_caverns_02

Skill      XL: |  1  2  3  4  5  6  7  8  9 10 11 12 |
---------------+-------------------------------------+-----
Dodging        | 2 3 4 5 6 7 |  7.7
Fighting       | 4 5 6 7 8 9 |  9.7
Stealth        | 1 |  1.0
Maces & Flails | 4 5 |  5.5
Throwing       | 1 2 |  2.0
Shields        | 1 3 5 7 9 10 11 | 11.9
Armour         | 3 4 5 6 7 8 |  8.5
Axes           | 3 4 6 8 |  8.3
Evocations     | 1 3 4 |  4.5

Action                   |  1- 3 |  4- 6 |  7- 9 | 10-12 | 13-15 || total
-------------------------+-------+-------+-------+-------+-------++-------
Melee: Mace              |   107 |   255 |   413 |       |       ||   775
       War axe           |       |       |   136 |   473 |    47 ||   656
       Battleaxe         |       |       |       |   113 |       ||   113
 Fire: Hunting sling     |       |     3 |       |       |       ||     3
Throw: Stone             |     1 |     9 |    10 |       |       ||    20
       Tomahawk          |       |       |     7 |    26 |     8 ||    41
Invok: Berserk           |     1 |     4 |     6 |     3 |     1 ||    15
       Trog's Hand       |       |     2 |     3 |    14 |     6 ||    25
       Brothers in Arms  |       |       |       |     6 |       ||     6
       Burn Spellbooks   |       |       |       |     2 |       ||     2
Evoke: Wand              |       |       |     1 |     7 |     1 ||     9
       Box of beasts     |       |       |       |     4 |       ||     4
  Use: Scroll            |     2 |     4 |     5 |    14 |       ||    25
       Potion            |       |     2 |     1 |    16 |     3 ||    22
 Stab: Distracted        |     1 |       |       |     1 |       ||     2
       Invisible         |       |       |       |     3 |       ||     3
  Eat: Chunk             |     3 |     6 |     7 |    33 |       ||    49
       Bread ration      |       |     1 |     3 |     1 |       ||     5
       Meat ration       |       |       |     1 |     1 |       ||     2
       Fruit             |       |       |       |     2 |       ||     2
